 Dungeon Crawl Stone Soup version 0.24-a0-366-gc1c896e988 (webtiles) character file.

Game seed: 15319602888989836040

31 MachJacob the Vexing (level 3, 0/24 HPs)
             Began as a Formicid Enchanter on May 28, 2019.
             Succumbed to a worker ant's poison
             ... on level 2 of the Dungeon.
             The game lasted 00:05:04 (965 turns).

MachJacob the Vexing (Formicid Enchanter)            Turns: 965, Time: 00:05:05

Health: 0/24       AC:  2    Str: 14    XL:     3   Next: 40%
Magic:  3/6        EV: 12    Int: 14    God:
Gold:   83         SH:  0    Dex: 12    Spells: 3/6 levels left

rFire    . . .     SeeInvis +   a - +2 dagger
rCold    . . .     Gourm    .   (no shield)
rNeg     . . .     Faith    .   b - +0 robe
rPois    .         Spirit   .   (helmet unavailable)
rElec    .         Reflect  .   (no cloak)
rCorr    .         Harm     .   (no gloves)
MR       .....                  (no boots)
Stlth    ++........             (no amulet)
HPRegen  0.08/turn              n - +2 ring of strength
MPRegen  0.10/turn              (no ring)

@: lethally poisoned (0 -> -7)
A: permanent stasis, dig shafts and tunnels, four strong arms, antennae 3
a: Dig, Shaft Self


You were on level 2 of the Dungeon.
You were hungry.

You visited 1 branch of the dungeon, and saw 2 of its levels.

You collected 83 gold pieces.

Inventory:

Hand Weapons
 a - a +2 dagger (weapon)
Missiles
 m - 35 stones (quivered)
Armour
 b - a +0 robe (worn)
Jewellery
 n - a +2 ring of strength (left hand)
Scrolls
 c - 2 scrolls of identify {unknown}
 g - a scroll of remove curse
 h - a scroll of enchant weapon
 j - a scroll of teleportation
Potions
 i - a potion of invisibility {unknown}
 k - a potion of heal wounds {unknown}
 l - a potion of flight {unknown}
Comestibles
 d - 2 rations
 f - 4 chunks of flesh


   Skills:
 * Level 1.8 Short Blades
 + Level 2.0 Dodging
 + Level 3.9 Stealth
 - Level 2.1 Spellcasting
 * Level 4.2 Hexes
 + Level 0.2 Ice Magic


You had 3 spell levels left.
You knew the following spells:

 Your Spells              Type           Power        Failure   Level  Hunger
a - Corona                Hex            ##.....      4%          1    #......
b - Ensorcelled Hibernat  Hex/Ice        #.....       14%         2    ###....

Your spell library contained the following spells:

 Spells                   Type           Power        Failure   Level  Hunger
 Confuse                  Hex            ##......     12%         3    ###....
 Tukima's Dance           Hex            ##......     12%         3    ###....
 Dazzling Spray           Conj/Hex       #.....       30%         3    ###....


Dungeon Overview and Level Annotations

Branches:
Dungeon (2/15)

Altars:


Innate Abilities, Weirdness & Mutations

You cannot be hasted, slowed, berserked, paralysed or teleported.
You can dig through walls and to a lower floor.
Your four strong arms can wield two-handed weapons with a shield.
You have a pair of large antennae on your head. (SInv)


Message History

The worker ant is heavily wounded.
The worker ant barely misses you.
You closely miss the worker ant.
The worker ant is heavily wounded.
The worker ant bites you.
* * * LOW HITPOINT WARNING * * *
You are more poisoned.
The worker ant poisons you! The worker ant barely misses you.
Casting: Ensorcelled Hibernation (safe; 14% risk of failure)
Confirm with . or Enter, or press ? or * to list all spells.
Aiming: Ensorcelled Hibernation (safe; 14% risk of failure)
Press: ? - help, Shift-Dir - straight line, f - worker ant
Aim: a worker ant (heavily wounded, not susceptible)
The worker ant is unaffected.
You are feeling hungry.
* * * LOW HITPOINT WARNING * * *
You feel sick. The worker ant barely misses you.
It was a potion of haste.
Your stasis prevents you from being hasted.
You die...

#.....#.###.#.###......
###.###.# #..........#.
###.###.###.#.########.
#..........##+# #.
#.#.#.#.####...# ##
##.#.#.#.# .....# #
#....#.#.# ......# ##
##.....##.#
.......####.
.g......a@.+
.......รท.[..
###.....##.#
.......####. #........#
......# ## #.########
.....# # #.# #...#
#.#### ##+# #..<.# #.#
####.# #.# #.#
##.#########


You could see a worker ant.

Vanquished Creatures
  An adder (D:2)
  A leopard gecko (D:1)
  3 bats (D:1)
  4 giant cockroaches (D:1 D:2)
  2 goblins (D:1)
  2 hobgoblins (D:2)
  4 frilled lizards (D:1 D:2)
  A kobold (D:1)
  3 rats (D:1 D:2)
21 creatures vanquished.

Notes
Turn   | Place    | Note
-------+----------+-------------------------------------------
     0 | D:1      | MachJacob the Formicid Enchanter began the quest for the
                  | Orb.
     0 | D:1      | Reached XP level 1. HP: 13/13 MP: 3/3
   118 | D:1      | Reached XP level 2. HP: 19/19 MP: 5/5
   386 | D:1      | Reached skill level 4 in Hexes
   656 | D:2      | Learned a level 2 spell: Ensorcelled Hibernation
   726 | D:2      | Reached XP level 3. HP: 20/24 MP: 3/6
   964 | D:2      | HP: 1/24 [poisoned by a worker ant]
   965 | D:2      | Succumbed to a worker ant's poison

Levels and vault maps discovered:
D:1:      minmay_arrival_stair_chambers, layout_basic, hex_medium
D:2:      layout_loops_corners, minmay_split_cup_small

Skill      XL: |  1  2 |
---------------+-------+-----
Hexes          | 4 |  4.2
Dodging        | 2 |  2.0
Short Blades   | |  1.8
Stealth        | |  3.9
Spellcasting   | |  2.1
Ice Magic      | |  0.2

Action                   || total
-------------------------++-------
Melee: Dagger            ||    75
 Cast: Ensorcelled Hiber ||     3
 Abil: Dig               ||     1
  Use: Scroll            ||     3
       Potion            ||     1
 Stab: Sleeping          ||     4
Armor: Robe              ||    11
Dodge: Dodged            ||    43

Table legend:
 A = Non-vault XP
 B = Vault XP
 C = Vault XP percentage of total XP
 D = Non-vault monster count
 E = Vault monster count
 F = Vault count percentage of total count
                 A         B        C        D         E       F
            +---------+---------+-------+---------+---------+-------
      Total |      45 |       0 |   0.0 |      21 |       0 |   0.0
            +---------+---------+-------+---------+---------+-------
        D:1 |      22 |       0 |   0.0 |      14 |       0 |   0.0
        D:2 |      23 |       0 |   0.0 |       7 |       0 |   0.0
            +---------+---------+-------+---------+---------+-------
